 Dungeon Crawl Stone Soup version 0.30.0-20-g3b4254fcbd (webtiles) character file.

Game seed: 15173969538554543949

2 fishdoom the Grave Robber (level 1, -1/13 HPs)
             Began as a Human Necromancer on June 2, 2023.
             Slain by a gnoll
             ... wielding a +0 whip
              (4 damage)
             ... on level 1 of the Dungeon.
             The game lasted 00:04:08 (41 turns).

fishdoom the Grave Robber (Human Necromancer)         Turns: 41, Time: 00:04:09

Health: -1/13      AC:  2    Str:  8    XL:     1   Next: 33%
Magic:  3/3        EV: 12    Int: 15    God:
Gold:   0          SH:  0    Dex: 13    Spells: 3/4 levels left

rFire   . . .        (no weapon)
rCold   . . .        (no shield)
rNeg    . . .        a - +0 robe
rPois   .            (no helmet)
rElec   .            (no cloak)
rCorr   .            (no gloves)
SInv    .            (no boots)
Will    .....        (no amulet)
Stlth   ++           (no ring)
HPRegen 0.22/turn    (no ring)
MPRegen 0.08/turn

%: no passive effects
@: no status effects
A: no striking features
a: no special abilities


You were on level 1 of the Dungeon.
You visited 1 branch of the dungeon, and saw 1 of its levels.

Inventory:

Armour
 a - a +0 robe (worn)


   Skills:
 + Level 2.0 Dodging
 + Level 2.0 Stealth
 + Level 2.0 Spellcasting
 + Level 4.1 Necromancy


You had 3 spell levels left.
You knew the following spells:

 Your Spells              Type           Power      Damage    Failure   Level
a - Necrotise             Necr           52%        1d6       4%          1

Your spell library contained the following spells:

 Spells                   Type           Power      Damage    Failure   Level
 Vampiric Draining        Necr           13%        2d6       12%         3
 Animate Dead             Necr           13%        N/A       38%         4
 Agony                    Necr           13%        N/A       75%         5


Dungeon Overview and Level Annotations

Branches:
Dungeon (1/15)

Altars:


Message History

The dead are slithering!
Casting: Necrotise (safe; 4% risk of failure)
Confirm with . or Enter, or press ? or * to list all spells.
You don't have enough magic to cast this spell.
Your ball python skeleton barely misses the kobold.
Your ball python skeleton grabs the kobold.
Your ball python skeleton constricts the kobold.
Your ball python skeleton bites the kobold.
The kobold dies!
There is an open door here.
Okay, then.
Okay, then.
You close the door.
A gnoll breaks down the door.
Casting: Necrotise (safe; 4% risk of failure)
Confirm with . or Enter, or press ? or * to list all spells.
Aiming: Necrotise (safe; 4% risk of failure)
Press: ? - help, Shift-Dir - straight line, f - gnoll
Aim: a gnoll, wielding a +0 whip (ally target, chance to affect: 76%)
The gnoll writhes in agony.
The gnoll attacks as you move away! The gnoll closely misses you.
You open the door. The gnoll completely misses you.
The gnoll attacks as you move away! The gnoll hits you with a +0 whip!
Ouch! That really hurt!
* * * LOW HITPOINT WARNING * * *
There is an open door here.
There's a creature in the doorway!
The gnoll attacks as you move away! The gnoll hits you with a +0 whip.
* * * LOW HITPOINT WARNING * * *
A giant cockroach comes into view.
Casting: Necrotise (safe; 4% risk of failure)
Confirm with . or Enter, or press ? or * to list all spells.
Aiming: Necrotise (safe; 4% risk of failure)
Press: ? - help, Shift-Dir - straight line, f/p - gnoll
Aim: a gnoll, wielding a +0 whip (moderately wounded, ally target, chance to affect: 76%)
The gnoll writhes in agony.
Your ball python skeleton crumbles into dust!
The gnoll hits you with a +0 whip.
* * * LOW HITPOINT WARNING * * *
Magic courses through your body. The gnoll hits you with a +0 whip.
You die...

######### ###
#...<...# B.
#8.....8# .#
####.....########.#
..'..8.8..'....g@.#
####.....##########
#.....# #.8.8.#
#.....# #.....#
#.8.8.# ###+###


You could see a gnoll and a giant cockroach (asleep).

Vanquished Creatures
  A ball python (D:1)
1 creature vanquished.

Vanquished Creatures (collateral kills)
  A kobold (D:1)
1 creature vanquished.

Grand Total: 2 creatures vanquished

Notes
Turn   | Place    | Note
-------+----------+-------------------------------------------
     0 | D:1      | fishdoom the Human Necromancer began the quest for the Orb.
     0 | D:1      | Reached XP level 1. HP: 13/13 MP: 3/3
    41 | D:1      | Slain by a gnoll

Illustrated notes

Levels and vault maps discovered:
D:1:      elethiomel_arrival_quiet, layout_rooms, minmay_misc_feat_rows,
          grunt_decor_clamped, chequers_serial_rivers_micro_a,
          minmay_misc_feat_columns

Action                     || total
---------------------------++-------
  Melee: Unarmed           ||     2
   Cast: Necrotise         ||     5
    Use: Potion            ||     1
  Dodge: Dodged            ||     8
